 Dungeon Crawl Stone Soup version 0.31.0-9-g3a7656b989 (webtiles) character file.

Game seed: 2567155626229148336

98 Esekla the Trooper (level 4, -3/25 HPs)
             Began as a Vine Stalker Cinder Acolyte on Jan 24, 2024.
             Was a High Priest of Ignis.
             Slain by an orc
             ... wielding a +0 flail
              (4 damage)
             ... on level 4 of the Dungeon.
             The game lasted 00:05:08 (1375 turns).

Esekla the Trooper (Vine Stalker Cinder Acolyte)    Turns: 1375, Time: 00:05:09

Health: -3/25      AC:  3    Str: 16    XL:     4   Next: 69%
Magic:  0/8        EV: 11    Int: 16    God:    Ignis [*****.]
Gold:   139        SH:  0    Dex: 10    Spells: 5/7 levels left

rFire   + . .        a - -1 falchion (flame)
rCold   . . .        (no shield)
rNeg    . . .        b - +0 robe
rPois   .            (no helmet)
rElec   .            (no cloak)
rCorr   .            f - +0 pair of gloves
SInv    .            (no boots)
Will    .....        (no amulet)
Stlth   +            (no ring)
HPRegen 1.04/turn    (no ring)
MPRegen 0.11/turn

%: guardian spirit
@: no status effects
A: fangs 2, regeneration 1, magic shield, antimagic bite, no potion heal 2
a: Renounce Religion, Fiery Armour, Foxfire Swarm, Rising Flame


You were on level 4 of the Dungeon.
You worshipped Ignis.
Ignis was extremely pleased with you.
You visited 1 branch of the dungeon, and saw 4 of its levels.

You collected 139 gold pieces.

Inventory:

Hand Weapons
 a - a -1 falchion of flaming (weapon)
 s - a +0 dagger
Armour
 b - a +0 robe (worn)
 f - a +0 pair of gloves (worn)
Wands
 k - a wand of paralysis (7)
Scrolls
 c - a scroll of identify {unknown}
 h - a scroll of amnesia {unknown}
Potions
 d - a potion of magic {unknown}
 e - a potion of brilliance {unknown}
 g - a potion of ambrosia {unknown}
 i - a potion of resistance {unknown}
 j - a potion of heal wounds {unknown}


   Skills:
 * Level 3.7 Fighting
 + Level 3.2 Long Blades
 + Level 0.4 Dodging
 + Level 0.4 Stealth
 * Level 2.1 Spellcasting
 + Level 3.2 Fire Magic


You had 5 spell levels left.
You knew the following spells:

 Your Spells              Type           Power      Damage    Failure   Level
o - Scorch                Fire           24%        2d6       9%          2

Your spell library contained the following spells:

 Spells                   Type           Power      Damage    Failure   Level


Dungeon Overview and Level Annotations

Branches:
Dungeon (4/15)
 Temple: D:4-7

Altars:

Annotations:
D:3 Grinder


Innate Abilities, Weirdness & Mutations

You have extremely sharp teeth.
Your natural rate of healing is unusually fast.
When hurt, damage is shared between your health and your magic reserves.
Your bite disrupts and absorbs the magic of your enemies.
Potions cannot restore your health.


Message History

You feel invigorated.
The hound is heavily wounded.
The hound closely misses you.
You barely miss the hound. Your bite misses the hound.
The hound is heavily wounded.
The hound bites you. x2
Casting: Scorch (safe; 9% risk of failure)
Confirm with . or Enter, or press ? or * to list all spells.
Flames lash the hound.
The hound is burned terribly!
You kill the hound!
Your magical contamination has completely faded away.
An orc comes into view. It is wielding a +0 flail.
The orc shouts!
You see here a wand of paralysis (7).
k - a wand of paralysis (7)
An endoplasm comes into view.
The orc closely misses you.
You closely miss the orc. The orc hits you with a +0 flail!
You hit the orc but do no damage. Your bite misses the orc.
The orc hits you with a +0 flail!
Casting: Scorch (safe; 9% risk of failure)
Confirm with . or Enter, or press ? or * to list all spells.
Flames lash the orc.
The orc is heavily wounded.
The orc's fire resistance burns away.
The orc hits you with a +0 flail.
Casting: Scorch (safe; 9% risk of failure)
Confirm with . or Enter, or press ? or * to list all spells.
Flames lash the orc.
The orc is heavily wounded.
The orc hits you with a +0 flail.
You closely miss the orc.
The orc is heavily wounded.
The orc hits you with a +0 flail.
* * * LOW HITPOINT WARNING * * *
You hit the orc. You burn the orc.
The orc is almost dead.
The orc hits you with a +0 flail.
* * * LOW HITPOINT WARNING * * *
The orc hits you with a +0 flail.
You die...

# #..#####..........
.........#......#.
#...............#
##.#####.#.###.##
##.#####o#.# .#
...........###.#
########.......#
############.#######
.....J...@o..#
##############


You could see an orc (combustible) and an endoplasm.

Vanquished Creatures
  A hound (D:4)
  A gnoll (D:3)
  2 adders
  A dart slug (D:2)
  5 ball pythons
  An endoplasm (D:1)
  A giant cockroach (D:1)
  7 goblins (D:1)
  3 hobgoblins
  6 jackals (D:1)
  3 kobolds (D:1)
  3 frilled lizards (D:1)
  2 rats (D:1)
36 creatures vanquished.

Notes
Turn   | Place    | Note
-------+----------+-------------------------------------------
     0 | D:1      | Esekla the Vine Stalker Cinder Acolyte began the quest for
                  | the Orb.
     0 | D:1      | Reached XP level 1. HP: 11/11 MP: 3/3
   247 | D:1      | Reached XP level 2. HP: 16/16 MP: 4/4
   250 | D:1      | Learned a level 2 spell: Scorch
   433 | D:1      | Reached XP level 3. HP: 19/20 MP: 3/6
  1246 | D:3      | Reached XP level 4. HP: 23/24 MP: 0/7
  1277 | D:3      | Noticed Grinder
  1375 | D:4      | HP: 1/25 [orc/+0 flail (6)]
  1375 | D:4      | Slain by an orc

Illustrated notes

Levels and vault maps discovered:
D:1:      dpeg_arrival_brainrot, layout_loops_ring
D:2:      layout_basic, minmay_domino_2
D:3:      layout_loops_ring, uniq_grinder, uniq_jessica, uniq_natasha
D:4:      layout_loops_ring, minmay_temple_entry_antechambers,
          minmay_misc_feat_columns, uniq_crazy_yiuf_cottage

Skill      XL: |  1  2  3  4 |
---------------+-------------+-----
Fighting       | 3 |  3.7
Long Blades    | 3 |  3.2
Spellcasting   | 2 |  2.1
Dodging        | |  0.4
Stealth        | |  0.4
Fire Magic     | |  3.2

Action                     |  1- 3 |  4- 6 || total
---------------------------+-------+-------++-------
  Melee: Falchion          |    96 |    10 ||   106
         Bite              |    17 |     2 ||    19
         Dagger            |     1 |       ||     1
         Punch             |     1 |       ||     1
   Cast: Scorch            |     3 |     5 ||     8
 Armour: Robe              |    55 |    12 ||    67
  Dodge: Dodged            |    56 |     8 ||    64
